 Dungeon Crawl Stone Soup version 0.27.1-34-g3ba077fa99 (webtiles) character file.

Game seed: 16417162297427587113

904 zeram the Shield-Bearer (level 8, -6/72 HPs)
             Began as a Gargoyle Fighter on Jan 20, 2022.
             Mangled by a slime creature (12 damage)
             ... on level 6 of the Dungeon.
             The game lasted 00:08:00 (4582 turns).

zeram the Shield-Bearer (Gargoyle Fighter)          Turns: 4582, Time: 00:08:01

Health: -6/72      AC: 24    Str: 23    XL:     8   Next: 8%
Magic:  8/8        EV:  2    Int:  8    God:
Gold:   198        SH: 10    Dex:  9    Spells: 7/7 levels left

rFire    . . .     SeeInvis .   a - +0 flail
rCold    . . .     Faith    .   c - +0 kite shield
rNeg     + + +     Spirit   .   (armour currently unavailable)
rPois    ∞         Reflect  .   (helmet currently unavailable)
rElec    .         Harm     .   (cloak currently unavailable)
rCorr    .         Rampage  .   (gloves currently unavailable)
Will     .....     NoTele   +   (boots currently unavailable)
Stlth    +.........             (no amulet)
HPRegen  0.22/turn              (no ring)
MPRegen  0.11/turn              (no ring)

@: tree-form (expiring)
A: stationary, stasis, torment immunity, boosted hp, sickness immunity, AC +5,
negative energy resistance 1, (electricity resistance), torment resistance 1,
petrification resistance
a: no special abilities


You were on level 6 of the Dungeon.
You were a tree.
You visited 1 branch of the dungeon, and saw 5 of its levels.

You collected 198 gold pieces.

Inventory:

Hand Weapons
 a - a +0 flail (weapon)
Missiles
 d - 3 poisoned darts (quivered)
Armour
 b - a +0 scale mail (melded)
 c - a +0 kite shield (worn)
 e - a +1 cloak (melded)
 j - a +1 helmet (melded)
Jewellery
 i - an amulet of faith
Wands
 h - a wand of iceblast (10)
Scrolls
 g - 2 scrolls of amnesia
 m - a scroll of teleportation
Potions
 l - a potion of magic
 n - a potion of heal wounds {unknown}


   Skills:
 + Level 4.7 Fighting
 + Level 5.6 Maces & Flails
 + Level 5.2 Armour
 + Level 2.0 Dodging
 + Level 5.8 Shields


You had 7 spell levels left.
You didn't know any spells.
Your spell library contained the following spells:

 Spells                   Type           Power      Damage    Failure   Level
 Dazzling Flash           Conj/Hex       0%         N/A       99%         3
 Agony                    Necr           0%         N/A       100%        5
 Silence                  Hex/Air        0%         N/A       100%        5


Dungeon Overview and Level Annotations

Branches:
Dungeon (7/15)
 Temple: D:4-7

Altars:
Ru
Sif Muna
Trog
Wu Jian


Innate Abilities, Weirdness & Mutations

You are a tree.
Your roots penetrate the ground, keeping you stationary.
You cannot be teleported.
You are immune to unholy pain and torment.
Your maximum health is greatly increased.
Your equipment is partially melded.
You are immune to sickness and miasma.
((Your stone body is resilient. (AC +5)))
You are immune to poison.
You resist negative energy. (rN+)
((You are resistant to electric shocks. (rElec)))
You are resistant to unholy torment.
You are immune to petrification.


Message History

Your +1 helmet melds into your body.
Your +0 scale mail melds into your body.
Your roots penetrate the ground.
You block the slime creature's attack.
You barely miss the slime creature.
The slime creature is lightly wounded.
The slime creature hits you but does no damage.
You hit the slime creature.
The slime creature is lightly wounded.
The slime creature hits you!
* * * LOW HITPOINT WARNING * * *
You hit the slime creature.
The slime creature is lightly wounded.
The slime creature hits you but does no damage.
The slime creature hits you.
* * * LOW HITPOINT WARNING * * *
You barely miss the slime creature.
The slime creature is lightly wounded.
The slime creature hits you but does no damage.
You hit the slime creature.
The slime creature is lightly wounded.
The slime creature hits you but does no damage.
You sock the slime creature!
The slime creature is moderately wounded.
The slime creature hits you but does no damage.
The slime creature barely misses you.
You barely miss the slime creature.
The slime creature is lightly wounded.
You block the slime creature's attack.
You barely miss the slime creature.
The slime creature is lightly wounded.
The slime creature hits you!
* * * LOW HITPOINT WARNING * * *
You sock the slime creature!
The slime creature is moderately wounded.
You block the slime creature's attack. x2
You hit the slime creature.
The slime creature is moderately wounded.
Your transformation is almost over.
The slime creature hits you!
You die...

#...............<#
#........
#.################
#.####### #.# #.# #.# #.#
#.# #.# #.# #.####### #.#
#........ #.#
##########################
#.#
#..>....J♣..............#
#.#
#...##############.####.##
#.#
#.........................
#.#
#..#.##.#.#.#.#..#.#####.#
#.# #..#.#..#+#.#.#..#.#
#.# #.#
#..#+#......#.#..#.# #.#
#.#
#...........#.#..#'#####).
#.#
#...........#...........#.
#.#
#.....#'#'#.#...........#.


You could see a slime creature.

Vanquished Creatures
  An ice beast (D:6)
  A sky beast (D:6)
  A necrophage (D:6)
  A kobold brigand (D:6)
  A scorpion (D:6)
  A wyvern skeleton (D:6)
  A water moccasin skeleton (D:6)
  A bullfrog zombie (D:6)
  2 orc priests (D:6)
  A centaur skeleton (D:6)
  Jessica (D:2)
  Natasha (thrice) (D:2)
  2 iguanas (D:6)
  6 adders
  A shadow imp (D:6)
  An ufetubus (D:3)
  4 worms
  A dart slug (D:1)
  3 orcs (D:6)
  7 ball pythons
  4 endoplasms
  3 giant cockroaches
  3 goblins
  7 hobgoblins
  11 kobolds
  A quokka (D:1)
  3 bats
  3 frilled lizards (D:1)
  6 rats
81 creatures vanquished.

Notes
Turn   | Place    | Note
-------+----------+-------------------------------------------
     0 | D:1      | zeram the Gargoyle Fighter began the quest for the Orb.
     0 | D:1      | Reached XP level 1. HP: 14/14 MP: 1/1
   375 | D:1      | Reached XP level 2. HP: 19/19 MP: 2/2
   800 | D:1      | Reached XP level 3. HP: 23/23 MP: 3/3
  1480 | D:2      | Noticed Natasha
  1480 | D:2      | Noticed Jessica
  1492 | D:2      | Killed Jessica
  1493 | D:2      | Reached XP level 4. HP: 20/29 MP: 4/4
  1509 | D:2      | Killed Natasha
  1827 | D:2      | Noticed Natasha
  1844 | D:2      | Killed Natasha
  1845 | D:2      | Reached XP level 5. HP: 30/33 MP: 5/5
  2015 | D:2      | Noticed Natasha
  2026 | D:2      | Killed Natasha
  2027 | D:2      | Reached skill level 1 in Dodging
  2434 | D:3      | Found a shimmering blue altar of Sif Muna.
  2717 | D:3      | Found a faded altar of an unknown god.
  2811 | D:3      | You fall into a shaft and drop 3 floors!
  2811 | D:6      | Noticed an ice beast
  2811 | D:6      | Found an ornate altar of the Wu Jian Council.
  2830 | D:6      | Killed an ice beast
  2831 | D:6      | Reached XP level 6. HP: 25/38 MP: 6/6
  2865 | D:6      | Reached skill level 5 in Shields
  3122 | D:6      | Reached XP level 7. HP: 32/44 MP: 7/7
  3346 | D:6      | Found a sacrificial altar of Ru.
  3358 | D:6      | Identified the +1 leather armour of Oblivion {Rampage rF+
                  | Str+3}
  3447 | D:6      | Found a bloodstained altar of Trog.
  3682 | D:6      | Reached skill level 5 in Maces & Flails
  3895 | D:6      | Reached skill level 5 in Armour
  4141 | D:6      | Reached XP level 8. HP: 44/48 MP: 8/8
  4556 | D:7      | Noticed a slime creature
  4556 | D:7      | Noticed a slime creature
  4556 | D:7      | Noticed a slime creature
  4556 | D:7      | Noticed a slime creature
  4556 | D:7      | Noticed a slime creature
  4556 | D:7      | Noticed a slime creature
  4582 | D:6      | Mangled by a slime creature

Illustrated notes

Levels and vault maps discovered:
D:1:      psy_arrival_basics, layout_loops_ring, serial_park_tiny_pond,
          chequers_serial_rivers_small_b
D:2:      layout_loops_ring, uniq_natasha, uniq_jessica
D:3:      layout_basic, old_standard_altar,
          hellmonk_ecumenical_altar_slurped_away
D:6:      layout_basic, mainiacjoe_overflow_alcove_1,
          mainiacjoe_overflow_tiny_flanked, lemuel_doored_altar
D:7:      layout_gridville, temple_statues, serial_shops,
          nicolae_shop_competitors_out_of_business

Skill      XL: |  1  2  3  4  5  6  7 |
---------------+----------------------+-----
Shields        | 4 5 |  5.8
Maces & Flails | 3 4 5 |  5.6
Fighting       | 4 |  4.7
Dodging        | 1 2 |  2.0
Armour         | 4 5 |  5.2

Action                   |  1- 3 |  4- 6 |  7- 9 || total
-------------------------+-------+-------+-------++-------
Melee: Flail             |   103 |   198 |   103 ||   404
  Use: Scroll            |     4 |       |     3 ||     7
       Potion            |     1 |     3 |     1 ||     5
Armor: Scale mail        |    61 |   119 |    66 ||   246
       Skin              |       |       |     5 ||     5
Dodge: Dodged            |    30 |    75 |    34 ||   139
Block: Kite shield       |    51 |   132 |    46 ||   229
